TOP OF THE 1ST |
Trenton Stars batting - Pitching for Detroit X-Wings : RHP José Castro
|
Pitching: RHP José Castro
|
|
Batting: RHB Aurelio Cruz
|
0-0: Ball 1-0: Called Strike 1-1: Ground out 4-3 (Groundball, 4)
|
Batting: RHB Carlos Pérez
|
0-0: Called Strike 0-1: Foul Ball, location: 2F 0-2: Strikes out swinging
|
Batting: LHB Wes Thompson
|
0-0: Ball 1-0: Ball 2-0: Foul Ball, location: 2F 2-1: Swinging Strike 2-2: Foul Ball, location: 2F 2-2: Ball 3-2: SINGLE (Groundball, 5D)
|
Batting: RHB George Reeves
|
0-0: Swinging Strike 0-1: SINGLE (Groundball, 6MD) Wes Thompson to second
|
Batting: LHB Pat Zimmerman
|
0-0: Ground out 3-1 (Groundball, 3D)
|
Top of the 1st over - 0 runs, 2 hits, 0 errors, 2 left on base; Trenton 0 - Detroit 0 |
BOTTOM OF THE 1ST |
Detroit X-Wings batting - Pitching for Trenton Stars : RHP Gary Grimes
|
Pitching: RHP Gary Grimes
|
|
Batting: RHB José Pérez
|
0-0: Swinging Strike 0-1: Ball 1-1: SINGLE (Groundball, 6MD)
|
Batting: RHB Alfredo Villegas
|
0-0: SINGLE (Flyball, 8RS) José Pérez to second Runner from 2nd tries for 3rd, SAFE, no throw
|
Batting: LHB Juan Jose Pineda
|
0-0: Swinging Strike 0-1: Swinging Strike 0-2: Ball 1-2: Ball 2-2: Ball 3-2: Foul Ball, location: 2F 3-2: Strikes out swinging
|
Batting: SHB Barrett Bowden
|
0-0: Ball 1-0: Ball 2-0: Called Strike 2-1: Fly out, F3 (Line Drive, 34)
|
Batting: SHB Javier Jiménez
|
0-0: SINGLE (Line Drive, 7LM) José Pérez scores Alfredo Villegas to second Runner from 2nd tries for 3rd, SAFE, no throw
|
Batting: RHB Brad Ravenshaw
|
0-0: Foul Ball, location: 2F 0-1: Called Strike 0-2: Ball 1-2: Strikes out swinging
|
Bottom of the 1st over - 1 run, 3 hits, 0 errors, 2 left on base; Trenton 0 - Detroit 1 |
TOP OF THE 2ND |
Trenton Stars batting - Pitching for Detroit X-Wings : RHP José Castro
|
Batting: RHB Joe Baker
|
0-0: Called Strike 0-1: Fly out, F3 (Popup, 3F)
|
Batting: LHB Gerardo Guzmán
|
0-0: Ball 1-0: Ball 2-0: Foul Ball, location: 2F 2-1: Swinging Strike 2-2: Foul Ball, location: 2F 2-2: Ball 3-2: Strikes out swinging
|
Batting: SHB António Enríquez
|
0-0: Called Strike 0-1: Foul Ball, location: 2F 0-2: Ball 1-2: Fly out, F7 (Flyball, 7LD)
|
Top of the 2nd over - 0 runs, 0 hits, 0 errors, 0 left on base; Trenton 0 - Detroit 1 |
BOTTOM OF THE 2ND |
Detroit X-Wings batting - Pitching for Trenton Stars : RHP Gary Grimes
|
Batting: RHB Donato Gozende
|
0-0: Called Strike 0-1: Ball 1-1: Foul Ball, location: 2F 1-2: Ball 2-2: Foul Ball, location: 2F 2-2: Foul Ball, location: 2F 2-2: Ball 3-2: Foul Ball, location: 2F 3-2: Ground out 1-3 (Groundball, 13)
|
Batting: LHB Leslie Adams
|
0-0: Called Strike 0-1: Swinging Strike 0-2: Ball 1-2: Ball 2-2: SINGLE (Line Drive, 34D)
|
Batting: RHB José Rosales
|
0-0: Called Strike 0-1: Foul Ball, location: 2F 0-2: Strikes out swinging
|
Batting: RHB José Pérez
|
0-0: Ball 1-0: Foul Ball, location: 2F 1-1: Foul Ball, location: 2F 1-2: Ball 2-2: Ball 3-2: Fly out, F4 (Popup, 4S)
|
Bottom of the 2nd over - 0 runs, 1 hit, 0 errors, 1 left on base; Trenton 0 - Detroit 1 |
TOP OF THE 3RD |
Trenton Stars batting - Pitching for Detroit X-Wings : RHP José Castro
|
Batting: SHB Ismael Sánchez
|
0-0: Foul Ball, location: 2F 0-1: Foul Ball, location: 2F 0-2: Ball 1-2: SINGLE (Groundball, 3D)
|
Batting: RHB Aurelio Cruz
|
0-0: Ball 1-0: Ball 2-0: Grounds into double play, 4-6-3 (Groundball, 4M)
|
Batting: RHB Carlos Pérez
|
0-0: Called Strike 0-1: Ball 1-1: Ball 2-1: Called Strike 2-2: Ground out 6-3 (Groundball, 6)
|
Top of the 3rd over - 0 runs, 1 hit, 0 errors, 0 left on base; Trenton 0 - Detroit 1 |
BOTTOM OF THE 3RD |
Detroit X-Wings batting - Pitching for Trenton Stars : RHP Gary Grimes
|
Batting: RHB Alfredo Villegas
|
0-0: Ball 1-0: Ground out 5-3 (Groundball, 2L)
|
Batting: LHB Juan Jose Pineda
|
0-0: Ball 1-0: Called Strike 1-1: Foul Ball, location: 2F 1-2: Foul Ball, location: 2F 1-2: Foul Ball, location: 2F 1-2: Foul Ball, location: 2F 1-2: Foul Ball, location: 2F 1-2: Ball 2-2: Ball 3-2: SINGLE (Line Drive, 6M)
|
Batting: SHB Barrett Bowden
|
0-0: Called Strike 0-1: Ball 1-1: Ball 2-1: Foul Ball, location: 2F 2-2: Strikes out looking
|
Batting: SHB Javier Jiménez
|
0-0: Ball 1-0: Ball 2-0: Called Strike 2-1: Ground out 2-3 (Groundball, 2L)
|
Bottom of the 3rd over - 0 runs, 1 hit, 0 errors, 1 left on base; Trenton 0 - Detroit 1 |
TOP OF THE 4TH |
Trenton Stars batting - Pitching for Detroit X-Wings : RHP Domingo Rodríguez
|
Pitching: RHP Domingo Rodríguez
|
|
Batting: LHB Wes Thompson
|
0-0: Ball 1-0: Fly out, F5 (Flyball, 5D)
|
Batting: RHB George Reeves
|
0-0: Ball 1-0: Ball 2-0: Ball 3-0: Called Strike 3-1: Base on Balls
|
Batting: LHB Pat Zimmerman
|
0-0: Ball 1-0: Called Strike George Reeves steals 2nd base 1-1: Ball 2-1: SINGLE (Line Drive, 56D) George Reeves to third Runner from 3rd tries for Home, SAFE, no throw
|
Batting: RHB Joe Baker
|
0-0: Fly out, F6 (Popup, P)
|
Batting: LHB Gerardo Guzmán
|
0-0: Ball 1-0: SINGLE (Groundball, 4MD) Pat Zimmerman to second Runner from 2nd tries for 3rd, SAFE, no throw
|
Batting: SHB António Enríquez
|
0-0: Ball 1-0: Called Strike 1-1: Fly out, F8 (Line Drive, 8LM)
|
Top of the 4th over - 1 run, 2 hits, 0 errors, 2 left on base; Trenton 1 - Detroit 1 |
BOTTOM OF THE 4TH |
Detroit X-Wings batting - Pitching for Trenton Stars : RHP Gary Grimes
|
Batting: RHB Brad Ravenshaw
|
0-0: Foul Ball, location: 2F 0-1: Swinging Strike 0-2: Ball 1-2: Ball 2-2: Ball 3-2: Foul Ball, location: 2F 3-2: Foul Ball, location: 2F 3-2: Base on Balls
|
Batting: RHB Donato Gozende
|
0-0: Ball 1-0: Called Strike 1-1: Ball 2-1: Called Strike 2-2: Ball 3-2: Strikes out swinging Brad Ravenshaw steals 2nd base Batter strikes out.
|
Batting: LHB Leslie Adams
|
0-0: SINGLE (Groundball, 4MD) Brad Ravenshaw to third Runner from 3rd tries for Home, SAFE, throw made home
|
Batting: RHB José Rosales
|
0-0: Ball 1-0: Foul Ball, location: 2F 1-1: Grounds into double play, 6-4-3 (Groundball, 6)
|
Bottom of the 4th over - 1 run, 1 hit, 0 errors, 0 left on base; Trenton 1 - Detroit 2 |
TOP OF THE 5TH |
Trenton Stars batting - Pitching for Detroit X-Wings : RHP Domingo Rodríguez
|
Batting: SHB Ismael Sánchez
|
0-0: Called Strike 0-1: Ball 1-1: Called Strike 1-2: Foul Ball, location: 2F 1-2: Foul Ball, location: 2F 1-2: Strikes out looking
|
Batting: RHB Aurelio Cruz
|
0-0: Called Strike 0-1: Called Strike 0-2: Ground out 3-1 (Groundball, 34)
|
Batting: RHB Carlos Pérez
|
0-0: Ball 1-0: Foul Ball, location: 2F 1-1: SINGLE (Groundball, 56S) (infield hit)
|
Batting: LHB Wes Thompson
|
0-0: 2-RUN HOME RUN (Line Drive, 89XD), Distance : 406 ft
|
Batting: RHB George Reeves
|
0-0: Called Strike 0-1: Foul Ball, location: 2F 0-2: Ball 1-2: SINGLE (Groundball, 56D)
|
Batting: LHB Pat Zimmerman
|
0-0: Ball George Reeves steals 2nd base 1-0: Foul Ball, location: 2F 1-1: Ball 2-1: Foul Ball, location: 2F 2-2: SINGLE (Flyball, 9LS) George Reeves to third Runner from 3rd tries for Home, SAFE, no throw
|
Pitching: RHP Jeremias Pereirinha
|
|
Batting: RHB Joe Baker
|
0-0: Fielders Choice at 2nd, 6-4 (Groundball, 6)
|
Top of the 5th over - 3 runs, 4 hits, 0 errors, 1 left on base; Trenton 4 - Detroit 2 |
BOTTOM OF THE 5TH |
Detroit X-Wings batting - Pitching for Trenton Stars : RHP Gary Grimes
|
Batting: RHB José Pérez
|
0-0: Swinging Strike 0-1: Ball 1-1: Ball 2-1: Called Strike 2-2: Ball 3-2: Foul Ball, location: 2F 3-2: Strikes out looking
|
Batting: RHB Alfredo Villegas
|
0-0: Ball 1-0: Foul Ball, location: 2F 1-1: Ground out 6-3 (Groundball, 6)
|
Batting: LHB Juan Jose Pineda
|
0-0: Called Strike 0-1: SINGLE (Line Drive, 34D)
|
Batting: SHB Barrett Bowden
|
0-0: Called Strike 0-1: Called Strike 0-2: Ball 1-2: Foul Ball, location: 2F 1-2: Ball 2-2: Foul Ball, location: 2F 2-2: Ball 3-2: 2-RUN HOME RUN (Flyball, 9LD), Distance : 348 ft
|
Batting: SHB Javier Jiménez
|
0-0: Ball 1-0: Foul Ball, location: 2F 1-1: SINGLE (Groundball, 6D)
|
Batting: RHB Brad Ravenshaw
|
0-0: Ball 1-0: Ball 2-0: Called Strike 2-1: Ground out 5-3 (Groundball, 56S)
|
Bottom of the 5th over - 2 runs, 3 hits, 0 errors, 1 left on base; Trenton 4 - Detroit 4 |
TOP OF THE 6TH |
Trenton Stars batting - Pitching for Detroit X-Wings : RHP Jeremias Pereirinha
|
Batting: LHB Gerardo Guzmán
|
0-0: Ball 1-0: SINGLE (Flyball, 7LS)
|
Batting: SHB António Enríquez
|
0-0: Fly out, F8 (Flyball, 8LD)
|
Batting: SHB Ismael Sánchez
|
0-0: Called Strike 0-1: SINGLE (Flyball, 8RS) Gerardo Guzmán to second Runner from 2nd tries for 3rd, SAFE, no throw
|
Batting: RHB Aurelio Cruz
|
0-0: Ball 1-0: Fly out, F8 (Flyball, 89M) Runner from 3rd tags up, SCORES, throw made
|
Batting: RHB Carlos Pérez
|
0-0: Called Strike 0-1: Ball 1-1: Ball Wild Pitch! Ismael Sánchez to second 2-1: Foul Ball, location: 2F 2-2: Ball 3-2: Fly out, F3 (Popup, 23F)
|
Top of the 6th over - 1 run, 2 hits, 0 errors, 1 left on base; Trenton 5 - Detroit 4 |
BOTTOM OF THE 6TH |
Detroit X-Wings batting - Pitching for Trenton Stars : RHP Gary Grimes
|
Pitching: RHP Fernando Silva
|
|
Batting: RHB Donato Gozende
|
0-0: Called Strike 0-1: Foul Ball, location: 2F 0-2: Strikes out swinging
|
Batting: LHB Leslie Adams
|
0-0: Ball 1-0: Called Strike 1-1: Swinging Strike 1-2: Strikes out swinging
|
Batting: RHB José Rosales
|
0-0: Foul Ball, location: 2F 0-1: Ball 1-1: Ball 2-1: Foul Ball, location: 2F 2-2: Ball 3-2: Strikes out swinging
|
Bottom of the 6th over - 0 runs, 0 hits, 0 errors, 0 left on base; Trenton 5 - Detroit 4 |
TOP OF THE 7TH |
Trenton Stars batting - Pitching for Detroit X-Wings : RHP Jeremias Pereirinha
|
Batting: LHB Wes Thompson
|
0-0: Swinging Strike 0-1: Ball 1-1: Ball 2-1: Ground out 4-3 (Groundball, 4)
|
Batting: RHB George Reeves
|
0-0: Foul Ball, location: 2F 0-1: Fly out, F4 (Popup, 34D)
|
Batting: LHB Pat Zimmerman
|
0-0: Called Strike 0-1: Called Strike 0-2: Ball 1-2: Ball 2-2: Ball 3-2: Foul Ball, location: 2F 3-2: Foul Ball, location: 2F 3-2: Base on Balls
|
Batting: RHB Joe Baker
|
0-0: Foul Ball, location: 2F 0-1: Ball 1-1: Ball 2-1: Fly out, F8 (Flyball, 8LS)
|
Top of the 7th over - 0 runs, 0 hits, 0 errors, 1 left on base; Trenton 5 - Detroit 4 |
BOTTOM OF THE 7TH |
Detroit X-Wings batting - Pitching for Trenton Stars : RHP Fernando Silva
|
Batting: RHB José Pérez
|
0-0: Swinging Strike 0-1: Foul Ball, location: 2F 0-2: SINGLE (Groundball, 56D)
|
Batting: RHB Alfredo Villegas
|
|
Pinch Hitting: SHB Brian Price
|
0-0: Called Strike José Pérez is caught stealing 2nd base 0-1: Swinging Strike 0-2: Strikes out swinging
|
Pitching: LHP Enrico Lozano
|
|
Batting: LHB Juan Jose Pineda
|
0-0: Ground out 4-3 (Groundball, 34D)
|
Bottom of the 7th over - 0 runs, 1 hit, 0 errors, 0 left on base; Trenton 5 - Detroit 4 |
TOP OF THE 8TH |
Trenton Stars batting - Pitching for Detroit X-Wings : RHP Jeremias Pereirinha
|
Now at SS: Brian Price
|
|
Batting: LHB Gerardo Guzmán
|
0-0: Called Strike 0-1: Ball 1-1: Called Strike 1-2: Ball 2-2: SINGLE (Groundball, 6) (infield hit)
|
Batting: SHB António Enríquez
|
0-0: Ball 1-0: Foul Ball, location: 2F 1-1: Ball 2-1: Ball 3-1: Called Strike 3-2: Ground out 5-3 (Groundball, 56S) Gerardo Guzmán to second
|
Pinch Hitting: RHB Derek Ramsey
|
0-0: Intentional Walk
|
Pinch Hitting: LHB Tom Waller
|
0-0: Called Strike Gerardo Guzmán is caught stealing 3rd base 0-1: 2-RUN HOME RUN (Flyball, 9LD), Distance : 362 ft
|
Pitching: RHP Will Huggins
|
|
Batting: RHB Carlos Pérez
|
0-0: Ball 1-0: Ball 2-0: Ground out 6-3 (Groundball, 6)
|
Top of the 8th over - 2 runs, 2 hits, 0 errors, 0 left on base; Trenton 7 - Detroit 4 |
BOTTOM OF THE 8TH |
Detroit X-Wings batting - Pitching for Trenton Stars : LHP Enrico Lozano
|
Pitching: RHP Daniel Couch
|
|
Now at 1B: Tom Waller
|
|
Now in CF: Emílio Bruno
|
|
Batting: SHB Barrett Bowden
|
0-0: Foul Ball, location: 2F 0-1: Foul Ball, location: 2F 0-2: Strikes out swinging
|
Batting: SHB Javier Jiménez
|
0-0: Called Strike 0-1: Ball 1-1: Ball 2-1: Foul Ball, location: 2F 2-2: Strikes out swinging
|
Batting: RHB Brad Ravenshaw
|
0-0: Ball 1-0: Swinging Strike 1-1: Foul Ball, location: 2F 1-2: Ball 2-2: Strikes out swinging
|
Bottom of the 8th over - 0 runs, 0 hits, 0 errors, 0 left on base; Trenton 7 - Detroit 4 |
TOP OF THE 9TH |
Trenton Stars batting - Pitching for Detroit X-Wings : RHP Will Huggins
|
Pitching: RHP Raymond Gibbons
|
|
Batting: LHB Wes Thompson
|
0-0: Ball 1-0: Foul Ball, location: 2F 1-1: Ball 2-1: Called Strike 2-2: Strikes out looking
|
Batting: RHB George Reeves
|
0-0: Foul Ball, location: 2F 0-1: Ball 1-1: Swinging Strike 1-2: Fly out, F9 (Flyball, 9LS)
|
Batting: LHB Pat Zimmerman
|
0-0: Ball 1-0: Ground out 6-3 (Groundball, 6)
|
Top of the 9th over - 0 runs, 0 hits, 0 errors, 0 left on base; Trenton 7 - Detroit 4 |
BOTTOM OF THE 9TH |
Detroit X-Wings batting - Pitching for Trenton Stars : RHP Daniel Couch
|
Batting: RHB Donato Gozende
|
0-0: Ball 1-0: Called Strike 1-1: Ball 2-1: Swinging Strike 2-2: Strikes out swinging
|
Batting: LHB Leslie Adams
|
0-0: Ball 1-0: Ball 2-0: Fly out, F8 (Line Drive, 8LM)
|
Batting: RHB José Rosales
|
0-0: Called Strike 0-1: Called Strike 0-2: Ground out 3-1 (Groundball, 34)
|
Bottom of the 9th over - 0 runs, 0 hits, 0 errors, 0 left on base; Trenton 7 - Detroit 4 |
|